 Dungeon Crawl Stone Soup version 0.29-a0-1039-gfc20370e89 (webtiles) character file.

Game seed: 4424587606042684782

91 DungeonMaster the Trooper (level 4, -1/42 HPs)
             Began as a Demonspawn Wanderer on Aug 15, 2022.
             Slain by a gnoll
             ... wielding a +0 spear
              (5 damage)
             ... on level 2 of the Dungeon.
             The game lasted 00:02:47 (1878 turns).

DungeonMaster the Trooper (Demonspawn Wanderer)     Turns: 1878, Time: 00:02:48

Health: -1/42      AC:  6    Str: 15    XL:     4   Next: 34%
Magic:  1/1        EV: 13    Int: 11    God:
Gold:   14         SH:  0    Dex: 14    Spells: 3/3 levels left

rFire   . . .      SeeInvis .   a - +0 hand axe (antimagic)
rCold   . . .      Faith    .   (no shield)
rNeg    . . .      Spirit   .   e - +2 leather armour
rPois   .          Reflect  .   (no helmet)
rElec   .          Harm     .   (no cloak)
rCorr   .          Rampage  .   (no gloves)
Will    .....                   (no boots)
Stlth   +.........              (no amulet)
HPRegen 0.14/turn               (no ring)
MPRegen 0.07/turn               (no ring)

@: no status effects
A: rugged brown scales 1, powered by death 1
a: no special abilities


You were on level 2 of the Dungeon.
You visited 1 branch of the dungeon, and saw 2 of its levels.

You collected 14 gold pieces.

Inventory:

Hand Weapons
 a - a +0 antimagic hand axe (weapon)
Missiles
 k - 4 stones (quivered)
Armour
 e - a +2 leather armour (worn)
Scrolls
 d - 3 scrolls of blinking
Potions
 b - a potion of lignification
 c - 2 potions of curing
 g - a potion of attraction {unknown}
 i - a potion of ambrosia {unknown}
 j - a potion of resistance {unknown}


   Skills:
 + Level 6.6 Fighting
 - Level 4.5 Dodging


You had 3 spell levels left.
You didn't know any spells.
Your spell library was empty.

Dungeon Overview and Level Annotations

Branches:
Dungeon (2/15)

Altars:


Innate Abilities, Weirdness & Mutations

You are partially covered in rugged brown scales. (AC +1, +3% HP)
You regenerate a little health from kills.


Message History

The hobgoblin is moderately wounded.
The hobgoblin misses you.
The hobgoblin hits you but does no damage.
The gnoll hits you from afar with a +0 spear.
The gnoll misses you. The hobgoblin completely misses you.
You slash the gnoll!
The gnoll is heavily wounded.
You closely miss the hobgoblin. The hobgoblin barely misses you.
The gnoll barely misses you.
You hit the gnoll.
The gnoll is severely wounded.
You hit the hobgoblin but do no damage. The hobgoblin barely misses you.
The gnoll hits you with a +0 spear.
* * * LOW HITPOINT WARNING * * *
You hit the gnoll.
You kill the gnoll!
You hit the hobgoblin but do no damage.
The hobgoblin hits you but does no damage.
You hit the hobgoblin.
You kill the hobgoblin!
You hit the rat.
You kill the rat!
The gnoll misses you. x2
The gnoll hits you with a +0 spear.
* * * LOW HITPOINT WARNING * * *
You hit the gnoll.
The gnoll is heavily wounded.
The gnoll hits you but does no damage.
You closely miss the gnoll.
The gnoll is heavily wounded.
The gnoll hits you with a +0 spear.
* * * LOW HITPOINT WARNING * * *
You hit the gnoll.
The gnoll is heavily wounded.
The gnoll closely misses you. The gnoll hits you with a +0 spear.
* * * LOW HITPOINT WARNING * * *
You completely miss the gnoll.
The gnoll is heavily wounded.
The gnoll hits you with a +0 spear.
You die...

#.#.# *r..,,,,*,,#******+**,*,,*
#.#.###..,,,,,*#.# **,,,,,**,,
##.#.#...,,,,,,,..# **,,,,,**,*,
#......#****####..# **,,,,,,,**,*
......#######..?.###*,,,,,,,,*,*,
.........)..........+,,,,,,,,****
......#####......#***,,,,,,,,,**,
#..#### #.....####**,,,,,,,***,
##.# #....g@..# **,,,,,** *, #.#
#.....##.# **,,,** *, #g#
#.....#*.# **+** *, #.#
#######*.# *,**** *, ##.# *.#
*,**,**** .).# *.# **,*,*,***
#### *.# **,,,***,,, # *.#
*,,,,,*,*** # *,* **,,,*,**


You could see a gnoll.

Vanquished Creatures
  4 gnolls
  An adder (D:2)
  A dart slug (D:1)
  7 ball pythons (D:1)
  3 bats (D:1)
  3 endoplasms (D:1)
  3 giant cockroaches (D:1)
  2 goblins (D:1)
  5 hobgoblins
  2 jackals (D:1)
  4 kobolds
  A quokka (D:1)
  A frilled lizard (D:1)
  3 rats
40 creatures vanquished.

Notes
Turn   | Place    | Note
-------+----------+-------------------------------------------
     0 | D:1      | DungeonMaster the Demonspawn Wanderer began the quest for
                  | the Orb.
     0 | D:1      | DungeonMaster set off with the following items: a +0 club,
                  | a potion of lignification, a potion of curing, a scroll of
                  | blinking, a +2 leather armour.
     0 | D:1      | Reached XP level 1. HP: 21/21 MP: 1/1
   204 | D:1      | Gained mutation: You regenerate a little health from kills.
                  | [demonic ancestry]
   204 | D:1      | Reached XP level 2. HP: 21/27 MP: 2/2
   692 | D:1      | Gained mutation: You are partially covered in rugged brown
                  | scales. (AC +1, +3% HP) [demonic ancestry]
   692 | D:1      | Reached XP level 3. HP: 5/35 MP: 3/3
  1026 | D:1      | Reached skill level 6 in Fighting
  1826 | D:2      | Found a faded altar of an unknown god.
  1841 | D:2      | Reached XP level 4. HP: 42/42 MP: 1/4
  1878 | D:2      | Slain by a gnoll

Illustrated notes

Levels and vault maps discovered:
D:1:      ncdulo_watergridlock, layout_basic, serial_corexii_hall,
          chequers_hall_statues_corner_a, chequers_hall_statues_corner_a,
          corexii_hall_statues_s, chequers_mini_garden
D:2:      minmay_diamond_boxcup, layout_loops_corners, basic_altar,
          shapermc_ecumenical_altar_rom_forum, minmay_goblin_outpost

Skill      XL: |  1  2  3 |
---------------+----------+-----
Fighting       | 6 |  6.6
Dodging        | |  4.5

Action                   |  1- 3 |  4- 6 || total
-------------------------+-------+-------++-------
Melee: Club              |    18 |       ||    18
       Short sword       |   148 |       ||   148
       Punch             |     6 |       ||     6
       Hand axe          |    13 |    15 ||    28
  Use: Potion            |     1 |       ||     1
       Scroll            |     2 |       ||     2
Armor: Leather armour    |    52 |     6 ||    58
       Skin              |    16 |       ||    16
Dodge: Dodged            |   141 |    17 ||   158

Table legend: (Time is in decaauts)
 A = Elapsed time spent in this place.
 B = Non-inter-level travel time spent in this place.
 C = Inter-level travel time spent in this place.
 D = Time resting spent in this place.
 E = Time spent auto-exploring this place.
 F = Levels seen in this place.
 G = Mean time per level.
                   A        B        C        D        E       F      G
               +--------+--------+--------+--------+--------+-----+--------+
         Total |   1905 |   1813 |     92 |    422 |   1009 |   2 |  952.5 |
       Dungeon |   1905 |   1813 |     92 |    422 |   1009 |   2 |  952.5 |
               +--------+--------+--------+--------+--------+-----+--------+

Top non-repeatable levels by time:
     D:1: 1687 daAuts
     D:2: 217 daAuts
